 Dungeon Crawl Stone Soup version 0.23.0-3-gf3c87f2 (webtiles) character file.

Game seed: 17444682282055403813

62 sighowe the Skirmisher (level 3, -2/30 HPs)
             Began as a Demonspawn Abyssal Knight on Feb 23, 2019.
             Was a Believer of Lugonu.
             Killed from afar by a white imp (6 damage)
             ... with a puff of frost
             ... summoned by Natasha
             ... on level 2 of the Dungeon.
             The game lasted 00:07:33 (1892 turns).

sighowe the Skirmisher (Demonspawn Abyssal Knight)  Turns: 1892, Time: 00:07:34

Health: -2/30      AC:  7    Str: 13    XL:     3   Next: 85%
Magic:  4/4        EV: 11    Int: 13    God:    Lugonu [**....]
Gold:   84         SH:  0    Dex: 12    Spells: 2/2 levels left

rFire    . . .     SeeInvis +   l - +2 hand axe (chop)
rCold    . . .     Gourm    .   (no shield)
rNeg     . . .     Faith    .   b - +0 leather armour
rPois    .         Spirit   .   j - +2 helmet
rElec    .         Reflect  .   (no cloak)
rCorr    .         Harm     .   (no gloves)
MR       .....                  (no boots)
Stlth    +.........             (no amulet)
HPRegen  0.10/turn              e - ring of see invisible
MPRegen  0.09/turn              (no ring)

@: no status effects
A: rugged brown scales 1, rot immunity
a: Depart the Abyss, Bend Space, Renounce Religion


You were on level 2 of the Dungeon.
You worshipped Lugonu.
Lugonu was pleased with you.
You were not hungry.

You visited 1 branch of the dungeon, and saw 2 of its levels.
You visited the Abyss 1 time.

You collected 84 gold pieces.

Inventory:

Hand Weapons
 a - a +1 spear
 l - a +2 hand axe of chopping (weapon)
Missiles
 f - 5 silver javelins (quivered)
Armour
 b - a +0 leather armour (worn)
 j - a +2 helmet (worn)
Jewellery
 e - a ring of see invisible (left hand)
Wands
 o - a wand of scattershot (4)
Scrolls
 d - a scroll of identify {unknown}
 g - a scroll of amnesia {unknown}
 i - a scroll of remove curse {unknown}
 n - a scroll of immolation {unknown}
 p - a scroll of noise {unknown}
 q - a scroll of fear {unknown}
Potions
 h - 2 potions of haste {unknown}
 k - a potion of resistance {unknown}
 m - 2 potions of curing {unknown}
Comestibles
 c - 4 rations


   Skills:
 + Level 3.8 Fighting
 + Level 0.1(1.5) Axes
 + Level 2.7 Polearms
 + Level 2.1 Armour
 + Level 1.2 Dodging
 + Level 0.1 Stealth
 + Level 2.4 Invocations


You had 2 spell levels left.
You didn't know any spells.
Your spell library was empty.

Dungeon Overview and Level Annotations

Branches:
Dungeon (2/15)

Altars:

Annotations:
D:2 Natasha


Innate Abilities, Weirdness & Mutations

You are partially covered in rugged brown scales. (AC +1, +3% HP)
You are immune to rotting.


Message History

You closely miss the white imp.
You hit the shadow imp but do no damage.
The white imp barely misses you.
Natasha howls an incantation.
Natasha glows brightly for a moment.
Natasha barely misses you.
The shadow imp hits you but does no damage.
The white imp shouts, "Fly, thou errant elf-skinned tinkerer!"
The white imp hits you.
* * * LOW HITPOINT WARNING * * *
The white imp freezes you.
* * * LOW HITPOINT WARNING * * *
You hit Natasha.
Natasha is almost dead.
You hit the shadow imp.
You kill the shadow imp!
You closely miss the white imp. Natasha barely misses you.
The white imp gestures at you. The puff of frost hits you.
You die...

..###+#+##.#####.#.#
...............#.#.###
..........####.#.#...#
..........# #.#.###.#
.≈≈.......####)#.#.#.#
.≈........##.......#.#
≈≈≈≈≈≈....######.#)#.#
≈≈≈≈≈≈...># #.#...#
≈≈≈≈≈.....# #@#####
..≈≈≈≈..###....5h.......
_≈≈≈≈..## #.......######
≈.≈≈≈.≈# #.......#
≈≈≈≈≈.≈# #.......#
≈≈≈≈≈.≈# #.......#
≈≈≈≈≈≈.# #........
.≈.≈≈..# #........
.......#


You could see Natasha and a white imp.

Vanquished Creatures
  An adder (D:2)
  A dart slug (D:2)
  2 leopard geckos (D:2)
  3 giant cockroaches (D:1)
  8 goblins
  7 hobgoblins
  6 jackals
  A ball python (D:1)
  2 bats
  5 frilled lizards
  6 kobolds
  4 rats
46 creatures vanquished.

Notes
Turn   | Place    | Note
-------+----------+-------------------------------------------
     0 | Abyss:1  | sighowe the Demonspawn Abyssal Knight began the quest for
                  | the Orb.
     0 | Abyss:1  | Reached XP level 1. HP: 18/18 MP: 2/2
    49 | Abyss:1  | Noticed a small abomination
    54 | D:1      | Escaped the Abyss
   377 | D:1      | Gained mutation: You are partially covered in rugged brown
                  | scales. (AC +1, +3% HP) [demonic ancestry]
   377 | D:1      | Reached XP level 2. HP: 14/24 MP: 3/3
   389 | D:1      | Reached * piety under Lugonu
  1396 | D:2      | Gained mutation: You are immune to rotting. [demonic
                  | ancestry]
  1396 | D:2      | Reached XP level 3. HP: 29/29 MP: 4/4
  1427 | D:2      | Found a faded altar of an unknown god.
  1475 | D:2      | Reached skill level 1 in Dodging
  1611 | D:2      | Reached ** piety under Lugonu
  1882 | D:2      | Noticed Natasha
  1892 | D:2      | Killed from afar by a white imp

Skill      XL: |  1  2  3 |
---------------+----------+-----
Polearms       | 2 |  2.7
Armour         | 2 |  2.1
Dodging        | 1 |  1.2
Fighting       | |  3.8
Axes           | |  0.1
Stealth        | |  0.1
Invocations    | |  2.4

Action                   || total
-------------------------++-------
Melee: Spear             ||    51
       Hand axe          ||    65
Throw: Javelin           ||     6
Invok: Depart the Abyss  ||     1
  Eat: Ration            ||     1
Armor: Leather armour    ||    47
Dodge: Dodged            ||    68
